 Dungeon Crawl Stone Soup version 0.21-a0-2-ge494091 (webtiles) character file.

1847 Chaoticas the Cleaver (level 8, -2/77 HPs)
             Began as a Minotaur Fighter on May 21, 2017.
             Slain by a killer bee (3 damage)
             ... on level 7 of the Dungeon.
             The game lasted 00:10:25 (5485 turns).

Chaoticas the Cleaver (Minotaur Fighter)            Turns: 5485, Time: 00:10:26

Health: -2/77      AC:  6    Str: 28    XL:     8   Next: 88%
Magic:  0/7        EV: 10    Int:  5    God:
Gold:   411        SH:  0    Dex: 10    Spells: 7/7 levels left

rFire    + . .     SeeInvis .   N - +0 battleaxe
rCold    . . .     Gourm    .   (shield currently unavailable)
rNeg     . . .     Faith    .   b - +0 scale mail
rPois    .         Spirit   +   (helmet restricted)
rElec    .         Reflect  .   (no cloak)
rCorr    .         Harm     .   (no gloves)
MR       .....                  (no boots)
Stlth    ..........             y - amulet of guardian spirit
Regen    0.3/turn               x - ring of protection from fire
MPRegen  0.1/turn               (no ring)

@: mighty, lethally poisoned (-2 -> -41)
A: retaliatory headbutt, horns 2
a: no special abilities


You were on level 7 of the Dungeon.
You were not hungry.

You visited 2 branches of the dungeon, and saw 8 of its levels.
You also visited: Sewer.

You collected 411 gold pieces.

Inventory:

Hand Weapons
 a - a +0 war axe
 g - a +0 flail of crushing
   (You took it off an orc on level 4 of the Dungeon)
 N - a +0 battleaxe (weapon)
   (You found it on level 6 of the Dungeon)
Armour
 b - a +0 scale mail (worn)
 c - a +0 shield
Jewellery
 x - a ring of protection from fire (left hand)
   (You found it on level 3 of the Dungeon)
 y - an amulet of guardian spirit (around neck)
   (You found it on level 5 of the Dungeon)
 D - an uncursed ring of protection from fire
   (You found it on level 5 of the Dungeon)
 P - an uncursed ring of see invisible {unknown}
   (You found it on level 6 of the Dungeon)
Wands
 E - a wand of lightning (3/15)
   (You found it on level 5 of the Dungeon)
Scrolls
 h - 6 scrolls of identify
 j - 3 scrolls of amnesia {unknown}
 l - 2 scrolls of noise {unknown}
 m - 2 scrolls of enchant weapon {unknown}
 o - a scroll of fog {unknown}
 p - 5 scrolls of remove curse {unknown}
 q - a scroll of random uselessness {unknown}
 r - 3 scrolls of immolation {unknown}
 w - 3 scrolls of teleportation {unknown}
 A - a scroll of recharging {unknown}
 C - a scroll of vulnerability {unknown}
 I - a scroll of fear {unknown}
 J - 3 scrolls of enchant armour {unknown}
 L - a scroll of holy word {unknown}
 Q - a scroll of silence {unknown}
 R - a scroll of magic mapping {unknown}
Potions
 e - 3 potions of curing {unknown}
 k - 2 potions of ambrosia {unknown}
 n - a potion of invisibility {unknown}
 s - 2 potions of heal wounds {unknown}
 t - 2 potions of berserk rage {unknown}
 u - a potion of cancellation {unknown}
 v - a potion of agility {unknown}
 z - a potion of lignification {unknown}
 F - 2 potions of degeneration {unknown}
 G - a potion of mutation {unknown}
 H - a potion of flight {unknown}
 M - a potion of haste {unknown}
Books
 K - a book of Air
   (You found it on level 6 of the Dungeon)

   Spells                             Type                      Level
   a - Shock                          Conjuration/Air              1
   b - Swiftness                      Charms/Air                   2
   c - Static Discharge               Conjuration/Air              3
   d - Airstrike                      Air                          4
   e - Lightning Bolt                 Conjuration/Air              5
Comestibles
 f - 5 bread rations
 i - 7 royal jellies
 B - 3 meat rations
 O - 5 fruits


   Skills:
 + Level 8.8 Fighting
 * Level 11.3 Axes
 - Level 3.6 Armour
 - Level 3.6 Shields


You had 7 spell levels left.
You didn't know any spells.

Dungeon Overview and Level Annotations

Branches:
Dungeon (7/15)             Temple (1/1) D:6

Altars:
Ashenzari
Cheibriados
Dithmenos
Elyvilon
Hepliaklqana
Kikubaaqudgha
Nemelex Xobeh
Qazlal
Ru
Sif Muna
Trog
Uskayaw
Vehumet
Wu Jian
Xom
Yredelemnul
Zin
The Shining One

Shops:
D:4 :   D:6 }!


Innate Abilities, Weirdness & Mutations

You reflexively headbutt those who attack you in melee.
You have a pair of horns on your head.


Message History

You feel sick.
The killer bee stings you but does no damage.
The killer bee stings you.
* * * LOW MAGIC WARNING * * *;
* * * LOW HITPOINT WARNING * * *
You are more poisoned.
The killer bee poisons you! The killer bee closely misses you. x2
You are too injured to fight recklessly!
You are too injured to fight recklessly!
You miss the killer bee. Your headbutt misses the killer bee.
The killer bee is almost dead.
You hit the killer bee.
You feel sick. The killer bee stings you.
* * * LOW HITPOINT WARNING * * *
The killer bee stings you.
* * * LOW HITPOINT WARNING * * *
You are lethally poisoned!
The killer bee poisons you! The killer bee closely misses you.
You furiously retaliate!
You headbutt the killer bee!
You kill the killer bee!
The killer bee barely misses you.
You slash the killer bee!
The killer bee is heavily wounded.
You miss the killer bee.
* * * LOW HITPOINT WARNING * * *
You feel very sick. The killer bee barely misses you.
The killer bee stings you but does no damage. x2
The killer bee closely misses you.
You miss the killer bee.
The killer bee is severely wounded.
You miss the killer bee.
* * * LOW HITPOINT WARNING * * *
You feel very sick.
The killer bee stings you but does no damage.
The killer bee misses you. You furiously retaliate!
You headbutt the killer bee!
You kill the killer bee!
The killer bee stings you!
* * * LOW HITPOINT WARNING * * *
You are more poisoned.
The killer bee poisons you! The killer bee stings you.
* * * LOW MAGIC WARNING * * *;
* * * LOW HITPOINT WARNING * * *
You are more poisoned.
The killer bee poisons you!
You miss the killer bee.
The killer bee is severely wounded.
You barely miss the killer bee.
* * * LOW HITPOINT WARNING * * *
You feel very sick. The killer bee stings you.
You die...

#.############
#.....<.......
#....#########
#.#### y #.#
.y #.# y. #.#
.# #.# ####..#
#.## #@y..#
#..# #y####
##.# #.# #.##
######.# #..##
#......# ##..#
##.###### ##.#
#..# #.# #.##
#.#####.#


You could see 2 killer bees.

Vanquished Creatures
  The ghost of solxyz the Slicer, a novice HaFi of Uskayaw (D:6)
  2 ice beasts
  A phantom (D:5)
  A centaur (D:6)
  3 ogres
  A crocodile (Sewer)
  A bullfrog (D:6)
  4 killer bees (D:7)
  A howler monkey (D:5)
  A crimson imp (D:6)
  A hound (D:5)
  An orc priest (D:4)
  4 worker ants
  A hound zombie (D:5)
  A hound skeleton (D:6)
  A worker ant zombie (D:6)
  4 gnolls (D:6)
  2 adders
  A shadow imp (D:6)
  An adder zombie (D:5)
  2 worms
  4 dart slugs
  5 leopard geckos
  10 orcs
  4 giant cockroaches
  5 goblins
  3 hobgoblins
  12 jackals
  2 quokkas
  3 ball pythons
  7 bats
  6 frilled lizards
  13 kobolds
  8 rats
117 creatures vanquished.

Vanquished Creatures (others)
  Ijyb (D:5)
1 creature vanquished.

Grand Total: 118 creatures vanquished

Notes
Turn   | Place    | Note
-------+----------+-------------------------------------------
     0 | D:1      | Chaoticas the Minotaur Fighter began the quest for the Orb.
     0 | D:1      | Reached XP level 1. HP: 19/19 MP: 0/0
    90 | D:1      | Reached skill level 3 in Axes
   199 | D:1      | Reached XP level 2. HP: 27/27 MP: 1/1
   638 | D:2      | Reached skill level 4 in Fighting
   912 | D:2      | Reached XP level 3. HP: 28/33 MP: 2/2
  1145 | D:2      | Found a glowing golden altar of the Shining One.
  1394 | D:3      | Reached skill level 4 in Axes
  1474 | D:3      | Reached XP level 4. HP: 38/41 MP: 3/3
  1971 | D:4      | Found Puixtyli's Book Boutique.
  2053 | D:4      | Noticed an ogre
  2058 | D:4      | Killed an ogre
  2058 | D:4      | Reached skill level 5 in Fighting
  2058 | D:4      | Reached skill level 5 in Axes
  2058 | D:4      | Reached XP level 5. HP: 32/48 MP: 4/4
  2377 | D:4      | Found a white marble altar of Elyvilon.
  2386 | D:4      | Reached skill level 6 in Axes
  2716 | D:5      | Entered Level 5 of the Dungeon
  2794 | D:5      | Found an ancient bone altar of Kikubaaqudgha.
  2806 | D:5      | Reached XP level 6. HP: 53/57 MP: 5/5
  2807 | D:5      | Found a deep blue altar of Sif Muna.
  2889 | D:5      | Noticed Ijyb
  2892 | D:5      | Reached skill level 6 in Fighting
  2897 | D:5      | Killed Ijyb
  2900 | D:5      | Reached skill level 7 in Axes
  3099 | D:5      | Found a glowing drain.
  3112 | Sewer    | Entered a sewer
  3194 | Sewer    | HP: 27/58 [crocodile (7)]
  3195 | Sewer    | Reached XP level 7. HP: 30/64 MP: 2/6
  3590 | D:5      | Reached skill level 8 in Axes
  4005 | D:6      | Reached skill level 7 in Fighting
  4036 | D:6      | Reached skill level 9 in Axes
  4051 | D:6      | Identified a book of Air
  4091 | D:6      | Found Uscho's Gadget Boutique.
  4132 | D:6      | Found Saylywotz's Distillery.
  4144 | D:6      | Noticed solxyz's ghost (novice HaFi)
  4153 | D:6      | HP: 29/66 [solxyz's ghost (6)]
  4493 | D:6      | HP: 28/66 [solxyz's ghost (9)]
  4494 | D:6      | Killed solxyz's ghost
  4494 | D:6      | Reached skill level 8 in Fighting
  4494 | D:6      | Reached skill level 10 in Axes
  4494 | D:6      | Reached XP level 8. HP: 23/74 MP: 2/7
  4523 | D:6      | HP: 28/74 [adder (2)]
  4529 | D:6      | HP: 19/74 [poisoned by an adder]
  4535 | D:6      | HP: 17/74 [poisoned by an adder]
  4540 | D:6      | HP: 17/74 [poisoned by an adder]
  4548 | D:6      | HP: 16/74 [poisoned by an adder]
  4867 | D:6      | Found a hide-covered altar of Uskayaw.
  5017 | D:6      | Found a staircase to the Ecumenical Temple.
  5029 | Temple   | Entered the Ecumenical Temple
  5156 | D:7      | Found a bloodstained altar of Trog.
  5156 | D:7      | Found an ornate altar of the Wu Jian Council.
  5168 | D:7      | Found a hazy altar of Hepliaklqana.
  5474 | D:7      | Reached skill level 11 in Axes
  5480 | D:7      | HP: 36/75 [poisoned by a killer bee]
  5484 | D:7      | HP: 15/75 [poisoned by a killer bee]
  5484 | D:7      | HP: 7/77 [killer bee (8)]
  5485 | D:7      | HP: 1/77 [poisoned by a killer bee]
  5485 | D:7      | Slain by a killer bee

Vault maps used:
D:1:      scummos_arrival_checkerplants
D:2:      overflow_temple_1_default
D:3:      hangedman_decor_clover_reticule
D:4:      elyvilon_altar_3, serial_shops, nicolae_shop_crystal
D:5:      lemuel_crystal_altar, nicolae_overflow_crystal_walls, first_bread,
          cheibrodos_sewer_entry_drain, eino_curves_03, uniq_ijyb
D:6:      kennysheep_mini_moat, minmay_temple_entry_poolview, serial_shops,
          shop_fountains, shop_statue
D:7:      minitemple, led_sif_book
Temple:   eino_wide_crystal_templ
Sewer:    sewer_the_crocodile

Skill      XL: |  1  2  3  4  5  6  7  8 |
---------------+-------------------------+-----
Axes           | 3 4 5 6 7 10 11 | 11.3
Fighting       | 4 5 6 8 |  8.8
Armour         | |  3.6
Shields        | |  3.6

Action                   |  1- 3 |  4- 6 |  7- 9 || total
-------------------------+-------+-------+-------++-------
Melee: War axe           |   109 |   104 |    58 ||   271
       Headbutt          |     9 |    16 |    22 ||    47
       Battleaxe         |       |       |    40 ||    40
  Use: Scroll            |       |     2 |       ||     2
       Potion            |       |       |     1 ||     1
  Eat: Chunk             |     2 |     5 |     7 ||    14
       Fruit             |       |       |     1 ||     1
Armor: Scale mail        |    50 |    20 |    26 ||    96
Dodge: Dodged            |    45 |    34 |    51 ||   130
Block: Shield            |    67 |    46 |    22 ||   135
